 Dungeon Crawl Stone Soup version 0.20-a0-927-g1ae2c61 (webtiles) character file.

1568 Hasart the Zephyrmancer (level 8, -7/46 HPs)
             Began as an Octopode Air Elementalist on Mar 29, 2017.
             Was an Initiate of Gozag.
             Mangled by an orc warrior
             ... wielding a +0 hand axe
              (21 damage)
             ... on level 6 of the Dungeon.
             The game lasted 00:18:58 (7632 turns).

Hasart the Zephyrmancer (Octopode Air Elementalist) Turns: 7632, Time: 00:18:59

Health: -7/46      AC:  1    Str:  8    XL:     8   Next: 90%
Magic:  7/15       EV: 15    Int: 19    God:    Gozag
Gold:   300        SH:  4    Dex: 12    Spells: 10/17 levels left

rFire    . . .     SeeInvis .   i - +2 flail (venom)
rCold    . . .     Gourm    .   u - +0 buckler
rNeg     + . .     Faith    .   (helmet restricted)
rPois    .         Spirit   .   (no amulet)
rElec    .         Reflect  .   h - ring of positive energy
rCorr    .         Harm     .   (no ring)
MR       .....                  (no ring)
Stlth    +++.......             (no ring)
Regen    0.2/turn               (no ring)
MPRegen  0.2/turn               (no ring)
                                (no ring)
                                (no ring)

@: no status effects
A: almost no armour, stealthy swim, amphibious, 8 rings, constrict 8, camouflage
1, gelatinous body 1
a: Potion Petition, Call Merchant, Bribe Branch, Renounce Religion


You were on level 6 of the Dungeon.
You worshipped Gozag.
Gozag was aware of your devotion.
You were not hungry.

You visited 1 branch of the dungeon, and saw 6 of its levels.

You collected 381 gold pieces.
You paid 81 gold pieces to Gozag.

Inventory:

Hand Weapons
 e - a +0 short sword
 i - a +2 flail of venom (weapon)
 l - a +0 quarterstaff
Missiles
 f - 5 javelins of penetration (quivered)
Armour
 u - a +0 buckler (worn)
Jewellery
 h - a ring of positive energy (left tentacle)
Wands
 r - a wand of lightning (8/15)
Scrolls
 c - a scroll of fear {unknown}
 d - 4 scrolls of identify {unknown}
 j - 2 scrolls of magic mapping {unknown}
 m - 4 scrolls of teleportation
 n - a scroll of fog
 v - a scroll of remove curse
Potions
 g - 3 potions of agility {unknown}
 k - a potion of lignification {unknown}
 o - 2 potions of resistance {unknown}
 p - 2 potions of flight {unknown}
 q - a potion of curing {unknown}
 s - 2 potions of haste {unknown}
 w - a potion of heal wounds {unknown}
 x - a potion of invisibility {unknown}
Books
 a - a book of Air

   Spells                             Type                      Level
   a - Shock                          Conjuration/Air              1
   b - Swiftness                      Charms/Air                   2
   c - Static Discharge               Conjuration/Air              3
   d - Airstrike                      Air                          4
   e - Lightning Bolt                 Conjuration/Air              5
Comestibles
 b - 3 bread rations
 t - 6 fruits


   Skills:
 - Level 4.9 Dodging
 - Level 2.6 Stealth
 + Level 2.3 Shields
 + Level 5.2 Spellcasting
 - Level 1.0 Conjurations
 * Level 8.3 Air Magic


You had 10 spell levels left.
You knew the following spells:

 Your Spells              Type           Power        Failure   Level  Hunger
a - Shock                 Conj/Air       ###.         1%          1    None
b - Swiftness             Chrm/Air       ###.....     4%          2    None
c - Airstrike             Air            #####.....   6%          4    ####...


Dungeon Overview and Level Annotations

Branches:
Dungeon (6/15)             Temple (0/1) D:6

Altars:
Elyvilon
Fedhas
Gozag
Okawaru
Qazlal
Trog
Xom

Shops:
D:5 :

Annotations:
D:6 Pikel


Innate Abilities, Weirdness & Mutations

You cannot wear most types of armour.
You are very stealthy in the water. (Stealth+)
You are amphibious.
You can wear up to eight rings at the same time.
You can use your tentacles to constrict eight enemies at once.
Your skin changes colour to match your surroundings (Stealth+).
Your rubbery body absorbs attacks. (AC +1, EV +1)


Message History

The orc warrior hits you with a hand axe.
You barely miss the orc warrior. You grab the orc warrior.
The orc warrior is lightly wounded.
You constrict the orc warrior.
The orc warrior hits you with a hand axe.
You hit the orc warrior.
The orc warrior is moderately wounded.
You constrict the orc warrior.
The orc warrior hits you with a hand axe!
Casting: Shock
Confirm with . or Enter, or press ? or * to list all spells.
Aiming: Airstrike
Press: ? - help, Dir - move target cursor, f/p - orc warrior
Aim: an orc warrior, wielding a hand axe and wearing a chain mail (heavily wounded, constricted by you)
The air twists around and strikes the orc warrior!
The orc warrior is severely wounded.
You constrict the orc warrior.
The orc warrior hits you with a hand axe!!
You die...
Your body crumbles into a pile of gold.

#..$... #####.......
########............
#.. ..... .......... #
#.####.####......... ##
#.##.....##.........
[##
#.#.......#........#
#.###.#.......#.@o....#
....#....._.....###.###
..#...#.......#.#
.###..#.......#.# #
##.##.....##..
#.####.####.## #..
..... ... ###...###..#.
## #


You could see an orc warrior.

Vanquished Creatures
  Sigmund (D:2)
  Eustachio (D:4)
  The ghost of galech the Ruffian, an amateur TrMo (D:4)
  An ogre (D:4)
  2 phantoms
  A centaur (D:5)
  2 scorpions
  2 crimson imps (D:5)
  2 orc priests
  A bullfrog zombie (D:5)
  An orc wizard (D:5)
  A centaur skeleton (D:5)
  3 iguanas
  5 worker ants
  A hound zombie (D:5)
  7 gnolls
  8 adders
  2 adder skeletons
  A worm (D:3)
  A dart slug (D:1)
  7 leopard geckos
  10 orcs
  7 giant cockroaches
  6 goblins
  6 hobgoblins
  7 jackals
  9 kobolds
  4 quokkas
  3 ball pythons
  6 bats
  10 frilled lizards
  A leopard gecko skeleton (D:4)
  A quokka skeleton (D:5)
  7 rats
128 creatures vanquished.

Notes
Turn   | Place    | Note
-------+----------+-------------------------------------------
     0 | D:1      | Hasart the Octopode Air Elementalist began the quest for the Orb.
     0 | D:1      | Reached XP level 1. HP: 11/11 MP: 3/3
   616 | D:1      | Reached XP level 2. HP: 11/17 MP: 5/5
  1409 | D:2      | Reached XP level 3. HP: 20/21 MP: 6/6
  1413 | D:2      | Learned a level 2 spell: Swiftness
  1586 | D:2      | Reached skill level 4 in Air Magic
  1590 | D:2      | Found a stormy altar of Qazlal.
  2007 | D:2      | Reached XP level 4. HP: 11/27 MP: 2/8
  2311 | D:2      | Noticed Sigmund
  2326 | D:2      | Killed Sigmund
  2326 | D:2      | Reached skill level 5 in Air Magic
  2326 | D:2      | Reached XP level 5. HP: 20/31 MP: 5/9
  2326 | D:2      | Reached XP level 6. HP: 23/36 MP: 5/10
  3634 | D:3      | Learned a level 4 spell: Airstrike
  3724 | D:3      | Found a white marble altar of Elyvilon.
  3925 | D:4      | Noticed galech's ghost (amateur TrMo)
  3929 | D:4      | Found a shimmering altar of Xom.
  3934 | D:5      | Entered Level 5 of the Dungeon
  4326 | D:5      | Reached XP level 7. HP: 13/41 MP: 3/12
  4689 | D:5      | Reached skill level 6 in Air Magic
  5275 | D:5      | Found a bloodstained altar of Trog.
  5279 | D:5      | Reached XP level 8. HP: 46/46 MP: 2/14
  5446 | D:5      | Found an opulent altar of Gozag.
  5672 | D:5      | Found Extal's Book Shop.
  5686 | D:6      | Noticed Pikel
  5808 | D:5      | Became a worshipper of Gozag Ym Sagoz the Greedy
  5895 | D:5      | Reached skill level 7 in Air Magic
  5926 | D:4      | Killed galech's ghost
  6335 | D:4      | Noticed Eustachio
  6349 | D:4      | Killed Eustachio
  6349 | D:4      | Reached skill level 1 in Shields
  6581 | D:4      | Reached skill level 5 in Spellcasting
  6928 | D:4      | Reached skill level 8 in Air Magic
  6953 | D:4      | Found an iron altar of Okawaru.
  7437 | D:6      | Found a staircase to the Ecumenical Temple.
  7480 | D:6      | Found a blossoming altar of Fedhas.
  7632 | D:6      | Mangled by an orc warrior

Vault maps used:
D:1:      nagdon_arrival_double_spiral
D:2:      overflow_temple_1_default, first_bread, uniq_sigmund
D:3:      nicolae_overflow_hidden_temple, old_standard_altar,
          kennysheep_pointless_box
D:4:      lemuel_round_altar, okawaru_trees_1, uniq_eustachio
D:5:      nicolae_gozag_cash_rules_everything_around_me, serial_shops,
          nicolae_shop_crystal, minmay_statues_item, trog_three_pillars_becter
D:6:      old_standard_altar, minmay_temple_entry_poolview, dk_noncrumbling_4,
          uniq_grinder, uniq_pikel

Skill      XL: |  1  2  3  4  5  6  7  8 |
---------------+-------------------------+-----
Air Magic      | 4 5 6 8 |  8.3
Dodging        | 3 4 |  4.9
Spellcasting   | 3 4 5 |  5.2
Shields        | 2 |  2.3
Stealth        | |  2.6
Conjurations   | |  1.0

Action                   |  1- 3 |  4- 6 |  7- 9 || total
-------------------------+-------+-------+-------++-------
Melee: Short sword       |    48 |    78 |    67 ||   193
       Unarmed           |     7 |       |       ||     7
       Constrict         |    21 |    20 |    19 ||    60
       Tentacles         |     7 |     6 |    10 ||    23
       Dagger            |    10 |       |       ||    10
       Quarterstaff      |       |       |    12 ||    12
       Flail             |       |       |     6 ||     6
Throw: Javelin           |       |     5 |       ||     5
 Cast: Shock             |     9 |    44 |   107 ||   160
       Airstrike         |       |       |    20 ||    20
       Swiftness         |       |       |     1 ||     1
  Use: Scroll            |     3 |       |     1 ||     4
 Stab: Sleeping          |    13 |     8 |     3 ||    24
  Eat: Chunk             |     3 |     7 |     2 ||    12
       Royal jelly       |       |       |     2 ||     2
       Meat ration       |       |       |     2 ||     2
Armor: Skin              |     3 |     5 |       ||     8
Dodge: Dodged            |    37 |    66 |    61 ||   164
